 Dungeon Crawl Stone Soup version 0.30-a0-845-g7c6808c8ce (webtiles) character file.

Game seed: 16427286848985103095

63 greenreed the Sneak (level 3, -2/16 HPs)
             Began as a Spriggan Earth Elementalist on Mar 2, 2023.
             Slain by an orc priest
             ... wielding a +0 hand axe
              (8 damage)
             ... on level 3 of the Dungeon.
             The game lasted 00:02:50 (2439 turns).

greenreed the Sneak (Spriggan Earth Elementalist)   Turns: 2439, Time: 00:02:51

Health: -2/16      AC:  2    Str:  4    XL:     3   Next: 87%
Magic:  2/8        EV: 17    Int: 18    God:
Gold:   124        SH:  0    Dex: 15    Spells: 7/8 levels left

rFire   + + .      SeeInvis +    (weapon restricted)
rCold   + . .      Faith    .    (no shield)
rNeg    . . .      Spirit   .    a - +0 robe
rPois   .          Reflect  .    (helmet restricted)
rElec   .          Rampage  .    h - scarf {rC+ rF+}
rCorr   .                        (gloves unavailable)
Will    .....                    (boots unavailable)
Stlth   +++                      g - amulet of regeneration
HPRegen 1.02/turn                e - ring of protection from fire
MPRegen 0.11/turn                (no ring)

@: very quick
A: very small, no large weapons, unfitting armour, see invisible, speed 3
a: no special abilities


You were on level 3 of the Dungeon.
You visited 1 branch of the dungeon, and saw 3 of its levels.

You collected 124 gold pieces.

Inventory:

Armour
 a - a +0 robe (worn)
 h - a scarf of resistance (worn)
Jewellery
 e - a ring of protection from fire (left hand)
 g - an amulet of regeneration (around neck)
Scrolls
 c - a scroll of magic mapping {unknown}
 d - a scroll of torment {unknown}
 f - 2 scrolls of immolation {unknown}
 i - 3 scrolls of identify {unknown}
 j - a scroll of poison {unknown}
Potions
 b - 2 potions of magic
 k - a potion of attraction {unknown}
 l - a potion of flight {unknown}
 m - a potion of curing {unknown}
 n - a potion of heal wounds {unknown}


   Skills:
 + Level 2.7 Dodging
 + Level 3.8 Stealth
 * Level 3.3 Spellcasting
 + Level 1.4 Transmutations
 * Level 3.8 Earth Magic


You had 7 spell levels left.
You knew the following spells:

 Your Spells              Type           Power      Damage    Failure   Level
a - Sandblast             Erth           32%        2d9       3%          1

Your spell library contained the following spells:

 Spells                   Type           Power      Damage    Failure   Level
 Passwall                 Tmut/Erth      10%        N/A       8%          2
 Stone Arrow              Conj/Erth      18%        3d8       22%         3
 Petrify                  Tmut/Erth      12%        N/A       45%         4


Dungeon Overview and Level Annotations

Branches:
Dungeon (3/15)

Altars:
Elyvilon


Innate Abilities, Weirdness & Mutations

You are very small and have problems with some larger weapons.
You are too small for most types of armour.
You have supernaturally acute eyesight. (SInv)
You cover ground extremely quickly. (Speed+++)


Message History

You kill the hobgoblin!
There is a faded altar of an unknown god here.
i - 3 scrolls labelled VUG UHOGAQ (gained 1)
Found a stone staircase leading up.
Found a stone staircase leading down.
Found a stone staircase leading up.
An orc wizard and an orc priest come into view.
An orc comes into view.
It is wielding a +0 club and wearing a +1 ring mail of poison resistance.
The orc wizard casts a spell at you. You resist with some effort.
The orc shouts!
The blast of sand hits the orc but does no damage.
The orc priest shouts!
The blast of sand hits the orc but does no damage.
The orc priest casts a cantrip, but nothing happens.
The blast of sand hits the orc!
You kill the orc!
The blast of sand hits the orc wizard.
The orc wizard is moderately wounded.
The orc wizard misses you. The orc wizard closely misses you.
The orc priest hits you with a +0 hand axe.
The blast of sand hits the orc wizard!
You kill the orc wizard!
The orc priest completely misses you.
Your Spellcasting skill increases to level 3!
The blast of sand misses the orc priest.
The orc priest mumbles some strange prayers to Beogh against you.
Pain shoots through your body!
Ouch! That really hurt!
The orc priest closely misses you.
You are too injured to fight recklessly!
Casting: Sandblast (safe; 3% risk of failure)
Confirm with . or Enter, or press ? or * to list all spells.
Aiming: Sandblast (safe; 3% risk of failure)
Press: ? - help, Shift-Dir - straight line, f/p - orc priest
Aim: an orc priest, wielding a +0 hand axe (82% to hit)
The blast of sand misses the orc priest.
The orc priest hits you with a +0 hand axe!
Ouch! That really hurt!
You die...

#.. #.# #.#
#. #.. ..#
#.# #. #..
#.### ##.# ##
.... ##..# #
... # #...# #
..# .# ##.##
# ♣.##.# #.#
# ♣o)..# #.#
# ♣.@# #.#
#### ## ♣..#
#.# #... ..
♣♣♣..#
#.####.## ##
#.♣♣....#
#......#
#.......#
######.#
###.#.#.#
#########.#
#.#.#.#
#.........#
#######.#.#.#
#.#########
..........#.#
#.#


You could see an orc priest.

Vanquished Creatures
  An orc wizard (D:3)
  An adder (D:2)
  A worm (D:2)
  2 dart slugs
  An orc (D:3)
  2 ball pythons
  5 endoplasms
  A giant cockroach (D:3)
  2 hobgoblins
  2 bats (D:1)
  A frilled lizard (D:1)
  3 rats
22 creatures vanquished.

Notes
Turn   | Place    | Note
-------+----------+-------------------------------------------
     0 | D:1      | greenreed the Spriggan Earth Elementalist began the quest
                  | for the Orb.
     0 | D:1      | Reached XP level 1. HP: 9/9 MP: 5/5
   565 | D:1      | Reached XP level 2. HP: 13/13 MP: 3/6
  1711 | D:2      | Found a white marble altar of Elyvilon.
  1754 | D:2      | Reached XP level 3. HP: 16/16 MP: 5/8
  2361 | D:3      | Found a faded altar of an unknown god.
  2439 | D:3      | Slain by an orc priest

Illustrated notes

Levels and vault maps discovered:
D:1:      heliophobic_arrival_ceremonial_halls, layout_loops_corners
D:2:      layout_loops_corners, basic_altar, chequers_garden
D:3:      layout_loops_ring, hellmonk_ecumenical_altar_arch_garden,
          nrook_campfire, skrybe_limestone_x, minmay_crystal_room

Skill      XL: |  1  2  3 |
---------------+----------+-----
Earth Magic    | 3 |  3.8
Spellcasting   | 3 |  3.3
Dodging        | |  2.7
Stealth        | |  3.8
Transmutations | |  1.4

Action                     || total
---------------------------++-------
   Cast: Sandblast         ||    36
  Dodge: Dodged            ||     8

Table legend: (Time is in decaauts)
 A = Elapsed time spent in this place.
 B = Non-inter-level travel time spent in this place.
 C = Inter-level travel time spent in this place.
 D = Time resting spent in this place.
 E = Time spent auto-exploring this place.
 F = Levels seen in this place.
 G = Mean time per level.
                   A        B        C        D        E       F      G
               +--------+--------+--------+--------+--------+-----+--------+
         Total |   1632 |   1520 |    112 |      0 |   1390 |   3 |  544.0 |
       Dungeon |   1632 |   1520 |    112 |      0 |   1390 |   3 |  544.0 |
               +--------+--------+--------+--------+--------+-----+--------+

Top non-repeatable levels by time:
     D:1: 753 daAuts
     D:2: 626 daAuts
     D:3: 252 daAuts
